[Event "Titled Tuesday Blitz October 5 2021"]
[White "Makarian, Rudik"]
[Black "Legenia, Artem"]
[WhiteFideId "44105681"]
[BlackFideId "14136945"]
[WhiteElo "2480"]
[BlackElo "1936"]
[Result "1-0"]
[Round "01"]
[TimeControl "180+1"]
[Date "2021.10.05"]
[WhiteClock "0:01:46"]
[BlackClock "0:00:54"]

1. d4 Nf6 2. c4 e6 3. Nf3 Bb4+ 4. Bd2 Qe7 5. g3 b6 6. Bg2 Bb7 7. O-O Bxd2 8. Qxd2 Ne4 9. Qe3 d5 10. Ne5 f6 11. cxd5 exd5 12. Nd3 Nd7 13. Nf4 f5 14. Nc3 Nxc3 15. Qxc3 c6 16. Rfe1 O-O 17. b4 Nf6 18. a4 Rac8 19. a5 b5 20. a6 Ba8 21. e3 Ne4 22. Qb2 g5 23. Nd3 Qg7 24. Ne5 h5 25. f4 h4 26. Bxe4 fxe4 27. Qg2 hxg3 28. hxg3 Rc7 29. Kf2 gxf4 30. gxf4 Qxg2+ 31. Kxg2 Rf6 32. Kf2 Rh7 33. Rg1+ Kf8 34. Rg2 Rg7 35. Rxg7 Kxg7 36. Nd7 Rg6 37. Rg1 Rxg1 38. Kxg1 Kg6 39. Kf2 Kf7 40. Kg3 Ke7 41. Nc5 Kf6 42. Kg4 Kg6 43. f5+ Kf6 44. Kf4 1-0


[Site "https://www.chess.com"]

[Event "Titled Tuesday Blitz October 5 2021"]
[White "Maly, Alexey"]
[Black "Chitlange Sakshi"]
[WhiteFideId "14103184"]
[BlackFideId "35002899"]
[WhiteElo "2294"]
[BlackElo "1787"]
[Result "1-0"]
[Round "01"]
[TimeControl "180+1"]
[Date "2021.10.05"]
[WhiteClock "0:00:17"]
[BlackClock "0:00:09"]

1. d4 Nf6 2. c4 e6 3. Nf3 d5 4. e3 Be7 5. Nbd2 O-O 6. Bd3 b6 7. O-O Bb7 8. Qe2 Nbd7 9. e4 dxe4 10. Nxe4 Nxe4 11. Bxe4 Bxe4 12. Qxe4 Nf6 13. Qe2 c5 14. Rd1 cxd4 15. Nxd4 Qc7 16. b3 Rfd8 17. Bb2 Rac8 18. Rd3 a6 19. Rad1 h6 20. a4 Qb7 21. h3 Rd7 22. Nf3 Rcd8 23. Ne5 Rxd3 24. Rxd3 Rxd3 25. Qxd3 Qe4 26. Qxe4 Nxe4 27. Nd3 Nd2 28. Bd4 Bd8 29. Nc1 Ne4 30. f3 Nc5 31. a5 Kf8 32. Kf2 f6 33. b4 Nd7 34. b5 e5 35. bxa6 bxa5 36. a7 Nb6 37. Bc5+ Ke8 38. Ke2 Na8 39. Kd3 Kd7 40. Bf8 g5 41. Ke4 Ke6 42. Bc5 f5+ 43. Kd3 Kd7 44. g4 Kc6 45. Bf8 fxg4 46. hxg4 Kb7 47. Bxh6 Kxa7 48. Ne2 a4 49. Nc3 a3 50. Nb5+ Kb6 51. Nxa3 Kc5 52. Bf8+ Kc6 53. Nc2 Nb6 54. Ne3 Nd7 55. Bb4 Bb6 56. Nd5 Bf2 57. Ke4 Nc5+ 58. Bxc5 Kxc5 59. Kxe5 Kxc4 60. Nf6 Bh4 61. Ke4 Kc3 62. Nh7 Kd2 63. Kf5 Ke2 64. Nxg5 Ke3 65. f4 Bg3 66. Ne6 Kd3 67. g5 Kc4 68. g6 Kd5 69. g7 1-0


[Site "https://www.chess.com"]

[Event "Titled Tuesday Blitz October 5 2021"]
[White "Martin Carmona, Gaston Manuel"]
[Black "Oparin, Grigoriy"]
[WhiteFideId "22284567"]
[BlackFideId "24125890"]
[WhiteElo "2161"]
[BlackElo "2604"]
[Result "0-1"]
[Round "01"]
[TimeControl "180+1"]
[Date "2021.10.05"]
[WhiteClock "0:00:16"]
[BlackClock "0:01:56"]

1. d4 d6 2. e4 Nf6 3. Nc3 g6 4. f4 Bg7 5. Nf3 c5 6. dxc5 Qa5 7. Qd4 Nc6 8. Qc4 Nxe4 9. Qxe4 Bxc3+ 10. Kd1 Bf5 11. Qc4 Bf6 12. cxd6 O-O-O 13. Bd2 Rxd6 14. Bd3 Bxd3 15. cxd3 Qd5 16. Kc2 Rhd8 17. Qxd5 Rxd5 18. Rad1 Rxd3 19. b3 R3d5 20. Rhe1 h5 21. g3 b5 22. Kc1 Kb7 23. Be3 Bb2+ 24. Kc2 Rxd1 25. Rxd1 Nb4+ 26. Kxb2 Rxd1 27. Ne5 Re1 28. Bd2 Re2 29. Kc3 Nxa2+ 30. Kd3 Rxh2 31. Nxf7 Rg2 32. Ba5 Rxg3+ 33. Kc2 Ka6 34. Bd2 Rg2 35. Kd3 b4 36. Ne5 h4 37. Nf3 h3 0-1


[Site "https://www.chess.com"]

[Event "Titled Tuesday Blitz October 5 2021"]
[White "Martinez Lopez, David"]
[Black "Csonka, Balazs"]
[WhiteFideId "22235779"]
[BlackFideId "742910"]
[WhiteElo "2386"]
[BlackElo "2404"]
[Result "0-1"]
[Round "01"]
[TimeControl "180+1"]
[Date "2021.10.05"]
[WhiteClock "0:00:02"]
[BlackClock "0:00:12"]

1. e4 c6 2. d4 d5 3. Nd2 dxe4 4. Nxe4 Nf6 5. Nxf6+ exf6 6. c3 Bd6 7. Bd3 O-O 8. Ne2 Re8 9. O-O Nd7 10. Ng3 g6 11. Qf3 f5 12. Bf4 Bxf4 13. Qxf4 Nf6 14. Rfe1 Be6 15. Bc2 Nd5 16. Qh6 Qc7 17. Bb3 Re7 18. Re5 Rae8 19. Rae1 f6 20. R5e2 Bf7 21. Qd2 Kg7 22. Rxe7 Rxe7 23. Rxe7 Qxe7 24. Qe2 Qd6 25. Nf1 f4 26. Nd2 g5 27. Ne4 Qe7 28. Kf1 b6 29. Nd2 Qd7 30. Bc2 Bg6 31. Bxg6 hxg6 32. h3 Ne7 33. Qe4 Nf5 34. Nf3 Nd6 35. Qe2 Kf7 36. Nd2 Qf5 37. Kg1 Qd5 38. b3 b5 39. Qf3 Qxf3 40. Nxf3 Ne4 41. c4 bxc4 42. bxc4 Ke6 43. Kf1 Nc3 44. a3 Nb1 45. a4 Nc3 46. a5 Kd6 47. Ke1 Kc7 48. Kd2 Ne4+ 49. Ke2 Kb7 50. d5 cxd5 51. cxd5 Ka6 52. Nd4 Kxa5 53. f3 Nd6 54. Nc6+ Kb6 55. Ne7 Kc5 56. Kd3 a5 57. Kc3 Nf5 58. Nxg6 Kxd5 0-1


[Site "https://www.chess.com"]

[Event "Titled Tuesday Blitz October 5 2021"]
[White "Mekhitarian, Krikor Sevag"]
[Black "Hasman, Cengiz"]
[WhiteFideId "2107660"]
[BlackFideId "413364"]
[WhiteElo "2598"]
[BlackElo "2020"]
[Result "1-0"]
[Round "01"]
[TimeControl "180+1"]
[Date "2021.10.05"]
[WhiteClock "0:00:17"]
[BlackClock "0:00:18"]

1. e4 d6 2. d4 Nf6 3. Nc3 Nbd7 4. Nf3 e5 5. Bc4 Be7 6. O-O c6 7. a4 a5 8. h3 Qc7 9. Re1 h6 10. Be3 Nf8 11. Qd3 Ng6 12. Rad1 O-O 13. Qd2 Kh7 14. Ba2 Nh5 15. Ne2 f5 16. exf5 Rxf5 17. c3 e4 18. Nh2 Rf8 19. d5 c5 20. Bb1 Nf6 21. Ng3 Bd7 22. Nxe4 Nxe4 23. Bxe4 Bxa4 24. Qd3 Be8 25. g3 Bf6 26. h4 h5 27. Qe2 Kg8 28. Qxh5 Qf7 29. Ng4 a4 30. Bf5 a3 31. Be6 axb2 32. Nxf6+ gxf6 33. Qxg6+ Kh8 34. Bxf7 Bxf7 35. Qxf6+ Kg8 36. Bh6 1-0


[Site "https://www.chess.com"]

[Event "Titled Tuesday Blitz October 5 2021"]
[White "Melikhov, Evgeny V."]
[Black "Hambleton, Aman"]
[WhiteFideId "4122046"]
[BlackFideId "2606577"]
[WhiteElo "1927"]
[BlackElo "2552"]
[Result "0-1"]
[Round "01"]
[TimeControl "180+1"]
[Date "2021.10.05"]
[WhiteClock "0:00:14"]
[BlackClock "0:00:04"]

1. d4 Nf6 2. c4 e6 3. Nc3 Bb4 4. Qc2 c5 5. dxc5 Qc7 6. a3 Bxc5 7. Nf3 a6 8. e3 b6 9. b3 Bb7 10. Be2 Be7 11. Bb2 d6 12. g4 h6 13. Rg1 Nbd7 14. h4 Nc5 15. g5 hxg5 16. hxg5 Nfe4 17. g6 f5 18. Nd4 Bf6 19. b4 Nxc3 20. Bxc3 Ne4 21. Bb2 Rh2 22. Nxe6 Qe7 23. Nd4 Nxf2 24. Nxf5 Qe6 25. Nxg7+ Bxg7 26. Bxg7 Be4 27. Qc3 O-O-O 28. Qd4 Rg8 29. Bf6 Rxg6 30. Rxg6 Bxg6 31. Kd2 Qxf6 32. Qxf6 Ne4+ 33. Kd3 Nxf6+ 34. Kd4 Rxe2 35. Rg1 Rd2+ 36. Kc3 Ne4+ 37. Kb3 Rd3+ 38. Ka4 Be8+ 39. b5 Nc5+ 40. Kb4 a5# 0-1


[Site "https://www.chess.com"]

[Event "Titled Tuesday Blitz October 5 2021"]
[White "Mirzoev, Azer"]
[Black "Sinitsina, Anastassia"]
[WhiteFideId "13400304"]
[BlackFideId "4504640"]
[WhiteElo "2525"]
[BlackElo "2161"]
[Result "1-0"]
[Round "01"]
[TimeControl "180+1"]
[Date "2021.10.05"]
[WhiteClock "0:01:40"]
[BlackClock "0:01:26"]

1. c4 Nf6 2. Nc3 g6 3. d4 d6 4. e4 Bg7 5. f3 O-O 6. Be3 e5 7. Nge2 Nc6 8. Qd2 Re8 9. O-O-O exd4 10. Nxd4 Ne5 11. Kb1 c6 12. Nb3 Be6 13. c5 Bxb3 14. axb3 dxc5 15. Bxc5 Qxd2 16. Rxd2 b6 17. Be3 Rad8 18. Be2 Rxd2 19. Bxd2 Rd8 20. Bg5 h6 21. Be3 Bf8 22. Kc2 Kg7 23. Ra1 Rd7 24. h3 g5 25. g3 Bb4 26. f4 Ng6 27. e5 Bxc3 28. bxc3 Nd5 29. Bd4 gxf4 30. e6+ 1-0


[Site "https://www.chess.com"]

[Event "Titled Tuesday Blitz October 5 2021"]
[White "Mogirzan, Matei-Valeriu"]
[Black "Indjic, Aleksandar"]
[WhiteFideId "1257455"]
[BlackFideId "911925"]
[WhiteElo "1733"]
[BlackElo "2643"]
[Result "0-1"]
[Round "01"]
[TimeControl "180+1"]
[Date "2021.10.05"]
[WhiteClock "0:00:01"]
[BlackClock "0:00:51"]

1. e4 e6 2. f4 d5 3. e5 c5 4. g4 Qh4+ 5. Ke2 Qxg4+ 6. Nf3 Nc6 7. c3 Qxf4 8. d4 Qe4+ 9. Kf2 Nh6 10. Bd3 Qg4 11. Rg1 Qh5 12. Rg5 Ng4+ 13. Kg3 Qh3+ 14. Kxh3 Nf2+ 15. Kg2 Nxd1 16. Be2 f6 17. Rg3 Nxc3 18. bxc3 fxe5 19. Nxe5 Nxe5 20. dxe5 g6 21. Nd2 b6 22. c4 Bg7 23. Nf3 Bb7 24. cxd5 Bxd5 25. Bb5+ Kd8 26. Bb2 Rf8 27. Rd1 Kc7 28. Kf2 Rf4 29. Ke2 Raf8 30. Rd3 Rb4 31. Bc1 Rxb5 32. Rh3 h6 33. Rc3 Kb7 34. Bxh6 Rh8 35. Bxg7 Rxh3 36. Bf6 Rxf3 37. Rxf3 Rb2+ 38. Ke3 Bxf3 39. Kxf3 Rxh2 40. Kg4 Rxa2 41. Kg5 Rg2+ 42. Kh6 Kc6 43. Kg7 Kd5 44. Kf7 c4 45. Ke7 c3 46. Kd7 c2 47. Kc7 c1=Q+ 48. Kb7 Qc6+ 49. Kb8 Rh2 50. Be7 Rh8+ 51. Bd8 Rxd8+ 52. Kxa7 Ra8# 0-1


[Site "https://www.chess.com"]

[Event "Titled Tuesday Blitz October 5 2021"]
[White "Molina, Roberto Junio Brito"]
[Black "Bach, Ngoc Thuy Duong"]
[WhiteFideId "2109450"]
[BlackFideId "12408956"]
[WhiteElo "2402"]
[BlackElo "1896"]
[Result "0-1"]
[Round "01"]
[TimeControl "180+1"]
[Date "2021.10.05"]
[WhiteClock "0:00:12"]
[BlackClock "0:01:02"]

1. d4 d5 2. c4 e6 3. Nc3 c6 4. e3 Nf6 5. Nf3 Nbd7 6. Qc2 Bd6 7. Bd3 dxc4 8. Bxc4 b5 9. Be2 a6 10. O-O Bb7 11. e4 e5 12. dxe5 Nxe5 13. Nxe5 Bxe5 14. f4 Bd4+ 15. Kh1 O-O 16. e5 Nd5 17. Nxd5 Qxd5 18. Bf3 Qd7 19. Bd2 c5 20. Bxb7 Qxb7 21. Rae1 Qd5 22. b3 Rad8 23. Re2 Rfe8 24. h3 f6 25. Ba5 Rc8 26. exf6 Bxf6 27. Rd1 Qc6 28. Rde1 Rxe2 29. Qxe2 h6 30. Kh2 c4 31. bxc4 Qxc4 32. Qxc4+ Rxc4 33. Bc7 Rxc7 0-1


[Site "https://www.chess.com"]

[Event "Titled Tuesday Blitz October 5 2021"]
[White "Moroni, Luca Jr"]
[Black "Estrada Nieto, Julian"]
[WhiteFideId "865834"]
[BlackFideId "5101018"]
[WhiteElo "2491"]
[BlackElo "2270"]
[Result "1-0"]
[Round "01"]
[TimeControl "180+1"]
[Date "2021.10.05"]
[WhiteClock "0:00:08"]
[BlackClock "0:00:01"]

1. d4 d5 2. c4 dxc4 3. e3 Nf6 4. Bxc4 e6 5. Nf3 c5 6. O-O a6 7. b3 b5 8. Be2 Bb7 9. Bb2 Nbd7 10. dxc5 Bxc5 11. a4 b4 12. Nbd2 O-O 13. Nc4 a5 14. Rc1 Rc8 15. Rc2 Qe7 16. Nxa5 Be4 17. Bd3 Rfd8 18. Bxe4 Nxe4 19. Qe2 Ndf6 20. Nd2 Bd6 21. Nc6 Rxc6 22. Nxe4 Bxh2+ 23. Kxh2 Qc7+ 24. g3 Rxc2 25. Nxf6+ gxf6 26. Qg4+ Kf8 27. Bxf6 Rdd2 28. Kg1 Ke8 29. Qg8+ Kd7 30. Qxf7+ Kd6 31. Qf8+ Kd5 32. Qxb4 Qxg3+ 33. Kh1 Qh3+ 34. Kg1 Qg3+ 35. Kh1 Qf3+ 36. Kg1 Qxf6 37. Qb7+ Ke5 38. Qb8+ Kf5 39. Qf4+ Kg6 40. Qe4+ Qf5 41. Qg2+ Qg5 42. Qxg5+ Kxg5 43. Kg2 Rb2 44. Kf3 Kf5 45. a5 e5 46. a6 e4+ 47. Kg3 Rxb3 48. Ra1 Rbb2 49. a7 Rd8 50. Ra5+ Kf6 51. a8=Q Rxa8 52. Rxa8 Rb1 53. Ra6+ Kg5 54. Ra5+ Kg6 55. Kf4 1-0


[Site "https://www.chess.com"]

[Event "Titled Tuesday Blitz October 5 2021"]
[White "Mustafayev, Farid"]
[Black "Snehal, Bhosale"]
[WhiteFideId "13408771"]
[BlackFideId "5021995"]
[WhiteElo "2091"]
[BlackElo "2103"]
[Result "0-1"]
[Round "01"]
[TimeControl "180+1"]
[Date "2021.10.05"]
[WhiteClock "0:00:31"]
[BlackClock "0:00:12"]

1. d4 d5 2. c4 c6 3. Nc3 Nf6 4. g3 a6 5. Bg2 b5 6. cxd5 cxd5 7. Nf3 Bg4 8. Ne5 Bh5 9. O-O e6 10. Nd3 Nbd7 11. a4 b4 12. Na2 a5 13. Bf4 Nb6 14. Nac1 Bd6 15. Nb3 Nc4 16. Bxd6 Qxd6 17. Nbc5 O-O 18. b3 Nb6 19. f3 Bg6 20. Qd2 Nbd7 21. Rac1 Rfc8 22. Kh1 Nxc5 23. Nxc5 Nd7 24. Nd3 Qa6 25. Nf4 Rxc1 26. Rxc1 Rc8 27. e4 Nf6 28. Nd3 dxe4 29. Nc5 Qc6 30. Nd3 Qb7 31. Rxc8+ Qxc8 32. Nc5 exf3 33. Bxf3 Nd5 34. Bxd5 exd5 35. Qe3 h6 36. Kg2 Qf5 37. Qe2 Qb1 38. h4 Bf5 39. g4 Bc2 40. Qf3 Be4 41. Nxe4 Qxe4 42. Qxe4 dxe4 43. Kf2 g6 44. g5 hxg5 45. hxg5 f5 46. gxf6 Kf7 47. Ke3 Kxf6 48. Kxe4 Ke6 49. d5+ Kd6 50. Kd4 g5 51. Ke4 g4 52. Kf4 Kxd5 53. Kxg4 Kd4 54. Kf3 Kc3 0-1


[Site "https://www.chess.com"]

[Event "Titled Tuesday Blitz October 5 2021"]
[White "Nagy, Gabor"]
[Black "Jary, Sergey"]
[WhiteFideId "737119"]
[BlackFideId "14110350"]
[WhiteElo "2534"]
[BlackElo "2260"]
[Result "1-0"]
[Round "01"]
[TimeControl "180+1"]
[Date "2021.10.05"]
[WhiteClock "0:00:55"]
[BlackClock "0:00:08"]

1. Nf3 d5 2. c4 dxc4 3. e4 c5 4. Bxc4 Nc6 5. b4 cxb4 6. d4 e6 7. O-O Nf6 8. d5 Na5 9. Bb5+ Bd7 10. Qa4 exd5 11. exd5 Bd6 12. Re1+ Kf8 13. Bxd7 Nxd7 14. Bf4 Bxf4 15. Qxb4+ Kg8 16. Qxf4 h6 17. Nc3 Nf6 18. Rad1 Rc8 19. Nb5 a6 20. Nd6 Rc5 21. Nf5 Nc4 22. Ne7+ Kf8 23. d6 Nb6 24. Ne5 Nbd7 25. h3 Nxe5 26. Rxe5 Rxe5 27. Qxe5 Qd7 28. Nf5 Ne8 29. a4 f6 30. Qe4 Kf7 31. Qd5+ Kf8 32. Nh4 Qf7 33. d7 1-0


[Site "https://www.chess.com"]

[Event "Titled Tuesday Blitz October 5 2021"]
[White "Nakamura, Hikaru"]
[Black "Bilan, Danila"]
[WhiteFideId "2016192"]
[BlackFideId "24161918"]
[WhiteElo "3200"]
[BlackElo "2486"]
[Result "1-0"]
[Round "01"]
[TimeControl "180+1"]
[Date "2021.10.05"]
[WhiteClock "0:00:43"]
[BlackClock "0:00:02"]

1. Nf3 d5 2. e3 Nf6 3. c4 c6 4. d4 e6 5. Nbd2 Nbd7 6. Bd3 Bd6 7. O-O O-O 8. e4 dxe4 9. Nxe4 Nxe4 10. Bxe4 Nf6 11. Bc2 b6 12. Bg5 Bb7 13. Qd3 g6 14. c5 Be7 15. Ne5 Nd5 16. Bh6 Re8 17. Qf3 f5 18. Ba4 Rc8 19. Rac1 bxc5 20. dxc5 Bg5 21. Bxg5 Qxg5 22. Nc4 Ba6 23. Rfe1 Bxc4 24. Rxc4 Qf6 25. b4 e5 26. Bb3 Kg7 27. g3 e4 28. Qe2 Rcd8 29. a3 e3 30. f4 Nc3 31. Qc2 Nb5 32. Kh1 Rd2 33. Qc1 Red8 34. Rxe3 Qb2 35. Qxb2+ Rxb2 36. Rc2 Rxc2 37. Bxc2 Rd2 38. Ba4 Nd4 39. Bb3 h6 40. h4 Kf6 41. Bc4 g5 42. fxg5+ hxg5 43. Rd3 Rxd3 44. Bxd3 gxh4 45. gxh4 Nf3 46. h5 Ne5 47. Be2 Kg5 48. Kg2 f4 49. a4 Kf5 50. b5 cxb5 51. axb5 Nd7 52. c6 Nb6 53. c7 Nc8 54. h6 Nd6 55. h7 1-0


[Site "https://www.chess.com"]

[Event "Titled Tuesday Blitz October 5 2021"]
[White "Navalgund, Niranjan"]
[Black "Khanin, Semen"]
[WhiteFideId "5030854"]
[BlackFideId "4111990"]
[WhiteElo "2290"]
[BlackElo "2436"]
[Result "0-1"]
[Round "01"]
[TimeControl "180+1"]
[Date "2021.10.05"]
[WhiteClock "0:00:28"]
[BlackClock "0:01:17"]

1. d4 g6 2. e4 Bg7 3. Bc4 d6 4. Nf3 Nf6 5. Qe2 Nc6 6. e5 dxe5 7. dxe5 Nd5 8. h3 Nb6 9. Bb3 Nd4 10. Nxd4 Qxd4 11. e6 Bxe6 12. Bxe6 fxe6 13. Qxe6 Qd5 14. Qxd5 Nxd5 15. O-O O-O 16. a3 Rad8 17. Ra2 Nf4 18. Be3 Ne2+ 19. Kh2 Be5+ 20. f4 Nxf4 21. Bxf4 Bxf4+ 22. Kh1 Bg3 23. Rxf8+ Rxf8 24. Kg1 Rf2 25. Nc3 Rxc2 26. Kf1 c6 27. Ne4 Be5 28. Ra1 Bxb2 29. Rd1 Bxa3 30. Rd7 b5 31. Rxa7 Bd6 32. Rb7 b4 33. Nxd6 exd6 34. Rxb4 c5 35. Rb7 d5 36. Kg1 d4 37. Kh2 d3 38. Kg3 d2 39. Rd7 c4 40. Kf3 c3 41. Ke2 Rc1 0-1


[Site "https://www.chess.com"]

[Event "Titled Tuesday Blitz October 5 2021"]
[White "Nilsen, Tobias Lang"]
[Black "Leitao, Rafael"]
[WhiteFideId "1521624"]
[BlackFideId "2101246"]
[WhiteElo "1975"]
[BlackElo "2609"]
[Result "1/2-1/2"]
[Round "01"]
[TimeControl "180+1"]
[Date "2021.10.05"]
[WhiteClock "0:00:12"]
[BlackClock "0:00:16"]

1. e4 e5 2. Nf3 Nc6 3. Bb5 a6 4. Ba4 Nf6 5. O-O b5 6. Bb3 Bc5 7. c3 d6 8. d4 Bb6 9. Be3 Bg4 10. Nbd2 exd4 11. cxd4 Bxd4 12. Qc2 Bxe3 13. Qxc6+ Bd7 14. Qc2 Bxd2 15. Qxd2 O-O 16. e5 dxe5 17. Nxe5 Be6 18. Qc2 Bxb3 19. axb3 Qd6 20. Nf3 c5 21. Rfd1 Qc7 22. Rac1 Rac8 23. Qf5 Rfd8 24. h3 Rxd1+ 25. Rxd1 h6 26. Ne5 Re8 27. Ng4 Nxg4 28. hxg4 Qe7 29. g3 Qe5 30. Rd5 Qxb2 31. Qd3 c4 32. bxc4 Qc1+ 33. Kg2 bxc4 34. Qd4 c3 35. Rc5 Qd2 36. Qxc3 Qxc3 37. Rxc3 a5 38. Ra3 Ra8 39. Kf3 f6 40. Ke4 a4 41. Kd5 Kf7 42. Kc4 Kg6 43. f4 h5 44. gxh5+ Kxh5 45. Kd5 Kg4 46. Ke6 Ra7 47. Kd6 Kf5 48. Kd5 Ra5+ 49. Kd6 Ke4 50. Ke7 Ra7+ 51. Kf8 Kd4 52. g4 Kc4 53. g5 fxg5 54. fxg5 Kb4 55. Ra1 a3 56. Rb1+ Kc3 57. Rc1+ Kb2 58. Rf1 a2 59. Rf2+ Kb3 60. Rf3+ Kc4 61. Rf1 a1=Q 62. Rxa1 Rxa1 63. Kxg7 Kd5 64. g6 Ke6 65. Kh7 Kf6 66. g7 Rh1+ 67. Kg8 Rg1 68. Kh8 Rh1+ 69. Kg8 Ra1 70. Kh8 Rh1+ 71. Kg8 1/2-1/2


[Site "https://www.chess.com"]

[Event "Titled Tuesday Blitz October 5 2021"]
[White "Omariev, Maksim"]
[Black "Siva Mahadevan"]
[WhiteFideId "4193423"]
[BlackFideId "25043153"]
[WhiteElo "2448"]
[BlackElo "2203"]
[Result "0-1"]
[Round "01"]
[TimeControl "180+1"]
[Date "2021.10.05"]
[WhiteClock "0:00:07"]
[BlackClock "0:00:43"]

1. g4 d5 2. Bg2 c6 3. h3 h5 4. g5 h4 5. d4 Bf5 6. c4 e6 7. Nc3 Nd7 8. Nf3 Ne7 9. cxd5 exd5 10. Bf4 Ng6 11. Bh2 Be7 12. Qd2 Qb6 13. O-O-O O-O-O 14. Rhe1 Rhe8 15. e4 dxe4 16. Nxe4 Ndf8 17. Nc3 Ne6 18. d5 cxd5 19. Nxd5 Qc6+ 20. Qc3 Qxc3+ 21. Nxc3 Ngf4 22. Bf1 Rxd1+ 23. Rxd1 Bxh3 24. Nd5 Bxf1 25. Nxe7+ Rxe7 26. Rxf1 h3 27. Rh1 Nd3+ 28. Kc2 Nxf2 29. Rf1 Ng4 30. Bg3 Ne3+ 0-1


[Site "https://www.chess.com"]

[Event "Titled Tuesday Blitz October 5 2021"]
[White "Onyshchuk, Volodymyr"]
[Black "Brunner, Nicolas"]
[WhiteFideId "14114038"]
[BlackFideId "620246"]
[WhiteElo "2603"]
[BlackElo "2372"]
[Result "1-0"]
[Round "01"]
[TimeControl "180+1"]
[Date "2021.10.05"]
[WhiteClock "0:00:38"]
[BlackClock "0:00:18"]

1. e4 e5 2. Nf3 Nc6 3. Bc4 Nf6 4. d3 Be7 5. Nbd2 O-O 6. Bb3 d5 7. O-O dxe4 8. dxe4 Bg4 9. c3 Bc5 10. h3 Bh5 11. Qe2 Qe7 12. Re1 Rfd8 13. Nf1 a5 14. Ng3 Bg6 15. a4 h6 16. Nh4 Bh7 17. Nhf5 Bxf5 18. Nxf5 Qf8 19. Qf3 Nh7 20. Qg3 Kh8 21. Bd5 Nf6 22. Bxc6 bxc6 23. Qxe5 Re8 24. Qf4 Nd5 25. Qf3 Ne7 26. Bf4 Nxf5 27. exf5 Rac8 28. Qxc6 Bb6 29. Rad1 Rcd8 30. Rxe8 Qxe8 31. Rxd8 Qxd8 32. Qf3 Qd7 33. f6 g5 34. Be5 Qxa4 35. Qh5 1-0


[Site "https://www.chess.com"]

[Event "Titled Tuesday Blitz October 5 2021"]
[White "Pastar, Slaven"]
[Black "Jobava, Baadur"]
[WhiteFideId "14402718"]
[BlackFideId "13601520"]
[WhiteElo "2198"]
[BlackElo "2731"]
[Result "0-1"]
[Round "01"]
[TimeControl "180+1"]
[Date "2021.10.05"]
[WhiteClock "0:00:01"]
[BlackClock "0:01:52"]

1. b3 d5 2. Bb2 c6 3. Nf3 Nf6 4. e3 Bg4 5. Be2 e6 6. O-O Nbd7 7. c4 Bd6 8. d3 O-O 9. Nbd2 a5 10. a3 Re8 11. Rc1 Qe7 12. Ra1 e5 13. e4 d4 14. Nh4 Bxe2 15. Qxe2 g6 16. g3 Nc5 17. b4 Na4 18. c5 Bxc5 19. bxc5 Nxb2 20. a4 Qxc5 21. Rfc1 Qb4 22. Rab1 Qa3 23. Nc4 Nxc4 24. Rxc4 Rab8 25. Qc2 Nd7 26. f4 Qd6 27. f5 Kg7 28. Rf1 Rbc8 29. g4 Nb6 30. f6+ Kg8 31. Rc5 Nxa4 0-1


[Site "https://www.chess.com"]

[Event "Titled Tuesday Blitz October 5 2021"]
[White "Petukhov, Dmitry"]
[Black "Timmermans, Mark"]
[WhiteFideId "4142748"]
[BlackFideId "1026399"]
[WhiteElo "2356"]
[BlackElo "2460"]
[Result "0-1"]
[Round "01"]
[TimeControl "180+1"]
[Date "2021.10.05"]
[WhiteClock "0:00:12"]
[BlackClock "0:00:35"]

1. e4 e5 2. Nf3 Nc6 3. Bb5 f5 4. d4 fxe4 5. Bxc6 dxc6 6. Nxe5 Nf6 7. O-O Bd6 8. Nc3 Qe7 9. Bf4 O-O 10. Qe2 Bf5 11. Rae1 Nd5 12. Bg3 Nxc3 13. bxc3 c5 14. f3 exf3 15. Rxf3 cxd4 16. cxd4 Rae8 17. Ref1 Be6 18. c4 c5 19. Rxf8+ Rxf8 20. Rxf8+ Kxf8 21. Qh5 g6 22. Qh6+ Kg8 23. d5 Bf5 24. Qe3 Kg7 25. Bf4 Bb1 26. a3 Kg8 27. h3 Ba2 28. Qc3 Qf6 29. g3 g5 30. Qd2 gxf4 31. Ng4 Qd4+ 32. Qxd4 cxd4 33. gxf4 Bxc4 34. Kg2 Bxd5+ 35. Kg3 Kg7 36. h4 h5 37. Nf2 Kf6 38. Nd3 Kf5 39. Kf2 Bxf4 40. Ke2 Bc4 0-1


[Site "https://www.chess.com"]

[Event "Titled Tuesday Blitz October 5 2021"]
[White "Pichot, Alan"]
[Black "Maiorov, Nikita"]
[WhiteFideId "110973"]
[BlackFideId "13501720"]
[WhiteElo "2600"]
[BlackElo "2456"]
[Result "0-1"]
[Round "01"]
[TimeControl "180+1"]
[Date "2021.10.05"]
[WhiteClock "0:00:01"]
[BlackClock "0:00:22"]

1. e4 c5 2. Nf3 e6 3. d4 cxd4 4. Nxd4 Nc6 5. Nc3 a6 6. Be3 Qc7 7. Qd2 b5 8. O-O-O Bb7 9. f3 Nf6 10. g4 h6 11. h4 b4 12. Na4 Ne5 13. Be2 d5 14. g5 Nfd7 15. f4 Nc4 16. Bxc4 dxc4 17. f5 c3 18. bxc3 exf5 19. exf5 bxc3 20. Qe2 O-O-O 21. Nb3 Bxh1 22. Rxh1 Qc6 23. Rd1 Qxa4 24. Rd4 Qa3+ 25. Kd1 Bc5 26. Qc4 Ne5 27. Qxc3 Nf3 28. Rxd8+ Rxd8+ 29. Ke2 Qb4 30. Qxb4 Ng1+ 31. Bxg1 Bxb4 32. gxh6 gxh6 33. Be3 h5 34. Nc1 Rd5 35. Nd3 Bd6 36. Kf3 Rxf5+ 37. Ke4 Ra5 38. c4 Be7 39. c5 Ra4+ 40. Kd5 Rxh4 41. Ne5 Rh3 42. Bf4 Rc3 43. Nc4 h4 44. c6 Rxc4 45. Kxc4 Bd8 46. Kd3 Bc7 47. Ke4 h3 0-1


[Site "https://www.chess.com"]

[Event "Titled Tuesday Blitz October 5 2021"]
[White "Plotnikov, Pavel"]
[Black "Korobov, Anton"]
[WhiteFideId "4170342"]
[BlackFideId "14105730"]
[WhiteElo "2298"]
[BlackElo "2718"]
[Result "0-1"]
[Round "01"]
[TimeControl "180+1"]
[Date "2021.10.05"]
[WhiteClock "0:00:01"]
[BlackClock "0:00:16"]

1. e4 c5 2. c3 d5 3. exd5 Qxd5 4. d4 g6 5. Nf3 Bg7 6. Be3 cxd4 7. Bxd4 Nf6 8. Nbd2 Nc6 9. Bc4 Qh5 10. Qe2 O-O 11. Bxf6 Bxf6 12. O-O-O Qa5 13. Kb1 b5 14. Bd5 Bf5+ 15. Ka1 Qxc3 16. Ne4 Bxe4 17. Bxe4 Qc5 18. Rc1 Nd4 19. Rxc5 Nxe2 20. Bxa8 Rxa8 21. g3 Nd4 22. Nd2 Rb8 23. Ne4 Rb6 24. Rd1 Nf3 25. h4 Bd4 26. Rc8+ Kg7 27. Rc2 e5 28. Ng5 Rf6 29. Nxf3 Rxf3 30. Rdd2 Kf6 31. Kb1 Kf5 32. Re2 f6 33. b3 h5 34. Kc1 a5 35. Kd1 Kg4 36. Ke1 f5 37. Kf1 a4 38. bxa4 bxa4 39. Kg2 f4 40. Re4 Ra3 41. gxf4 Kf5 0-1


[Site "https://www.chess.com"]

[Event "Titled Tuesday Blitz October 5 2021"]
[White "Pridorozhni, Aleksei"]
[Black "Kotepalli, Sai Nirupama"]
[WhiteFideId "4127870"]
[BlackFideId "5039444"]
[WhiteElo "2565"]
[BlackElo "2437"]
[Result "1-0"]
[Round "01"]
[TimeControl "180+1"]
[Date "2021.10.05"]
[WhiteClock "0:01:57"]
[BlackClock "0:00:17"]

1. e4 c5 2. Nc3 e6 3. Nf3 Nc6 4. Bb5 Nge7 5. O-O a6 6. Bxc6 Nxc6 7. d4 cxd4 8. Nxd4 Bc5 9. Nxc6 bxc6 10. e5 O-O 11. Ne4 Be7 12. Bf4 f6 13. Nd6 fxe5 14. Bxe5 Bf6 15. Qd4 Bxe5 16. Qxe5 Qf6 17. f4 a5 18. a4 Ba6 19. Rf3 Qxe5 20. fxe5 Rxf3 21. gxf3 Rf8 22. Kf2 Rf4 23. b3 c5 24. Rd1 c4 25. Kg3 g5 26. Ne4 cxb3 27. cxb3 Be2 28. Rxd7 Rxf3+ 29. Kg2 Rxb3 30. Nf6+ Kf8 31. Nxh7+ Ke8 32. Nf6+ Kf8 33. Ra7 Bf3+ 34. Kf2 Bc6 35. Rxa5 Ra3 36. Nh7+ Ke7 37. Nxg5 Rxa4 38. Rxa4 Bxa4 39. Kg3 Bc2 40. Kf4 Kd7 41. Nf3 Bf5 42. Nd4 Bh3 43. Kg3 Bf1 44. h4 Bd3 45. Kf4 Ke7 46. Kg5 Kf7 47. h5 Be4 48. Nb5 Bd3 49. Nd6+ Kg7 50. h6+ Kh7 51. Ne8 Bf5 52. Nf6+ Kh8 53. Kf4 Bh3 54. Ke3 Bf5 55. Kd4 Bh3 56. Ne4 Bf5 57. Ng5 Bg4 58. Kc5 Bf5 59. Kd6 Bg4 60. Ke7 Bf5 61. Kf7 Bg4 62. Kf6 Bf5 63. Nxe6 Bg4 64. Ng5 Kg8 65. e6 Bh5 66. Nf7 Bxf7 67. exf7+ Kf8 68. Kg6 1-0


[Site "https://www.chess.com"]